 Dungeon Crawl Stone Soup version 0.31-a0-232-gb1c03b2570 (webtiles) character file.

Game seed: 3935428141469914397

384 qw the Shooter (level 6, -2/37 HPs)
             Began as a Gargoyle Hexslinger on July 7, 2023.
             Slain by an iguana (8 damage)
             ... on level 4 of the Dungeon.
             The game lasted 00:00:50 (2339 turns).

qw the Shooter (Gargoyle Hexslinger)                Turns: 2339, Time: 00:00:50

Health: -2/37      AC:  9    Str: 11    XL:     6   Next: 77%
Magic:  7/7        EV: 11    Int: 14    God:
Gold:   118        SH:  0    Dex: 14    Spells: 6/7 levels left

rFire   . . .        Y - +2 sling (drain)
rCold   . . .        (no shield)
rNeg    + . .        e - +2 leather armour {rPois}
rPois   inf          (no helmet)
rElec   +            (no cloak)
rCorr   .            (no gloves)
SInv    .            (no boots)
Will    .....        (no amulet)
Stlth   +            (no ring)
HPRegen 0.26/turn    (no ring)
MPRegen 0.10/turn

%: no passive effects
@: about to teleport
A: sickness immunity, AC +4, negative energy resistance 1, electricity
resistance, torment resistance 1, petrification resistance
a: no special abilities


You were on level 4 of the Dungeon.
You visited 1 branch of the dungeon, and saw 4 of its levels.

You collected 118 gold pieces.


Innate Abilities, Weirdness & Mutations

You are immune to sickness and miasma.
Your stone body is resilient. (AC +4)
You are immune to poison.
You resist negative energy. (rN+)
You are resistant to electric shocks. (rElec)
You are resistant to unholy torment.
You are immune to petrification.


   Skills:
 + Level 3.3 Fighting
 - Level 6.2 Ranged Weapons
 - Level 1.5 Dodging
 - Level 1.0 Spellcasting
 - Level 2.6 Hexes


You had 6 spell levels left.
You knew the following spells:

 Your Spells              Type           Power      Damage    Failure   Level
a - Slow                  Hex            32%        N/A       12%         1

Your spell library contained the following spells:

 Spells                   Type           Power      Damage    Failure   Level
 Inner Flame              Hex/Fire       4%         N/A       52%         3
 Portal Projectile        Hex/Tloc       8%         N/A       52%         3
 Cause Fear               Hex            4%         N/A       75%         4

Inventory:

Hand Weapons
 Y - a +2 sling of draining (weapon)
Armour
 e - a +2 leather armour of poison resistance (worn)
Jewellery
 c - a +4 ring of protection
Scrolls
 a - 2 scrolls of teleportation
 b - 4 scrolls of identify
Potions
 f - a potion of brilliance {unknown}
 g - a potion of magic {unknown}
 h - a potion of heal wounds {unknown}

Dungeon Overview and Level Annotations

Branches:
Dungeon (4/15)
 Temple: D:4-7

Altars:

Annotations:
D:3 2 transporters, qw's ghost, amateur MiHs


Message History

The goblin misses you. The orc hits you but does no damage.
You shoot a sling bullet. The sling bullet hits the orc!
You kill the orc!
The goblin hits you but does no damage.
You shoot a sling bullet. The sling bullet hits the goblin!
You kill the goblin!
You start resting.
HP restored.
There is a large open door here.
Things that are here:
a +0 club; a goblin corpse; a hound corpse
c - a +4 ring of protection
b - 4 scrolls of identify (gained 3)
There is a large open door, spattered with blood here.
You see here a +0 whip.
You open the large door.
An iguana and an orc priest come into view.
The orc priest shouts!
The iguana hisses angrily.
The orc priest calls down the wrath of Beogh upon you.
Beogh smites you!
Enter note: You shoot a sling bullet.
The sling bullet barely misses the iguana.
The orc priest hits you from afar with a +0 trident.
The iguana bites you but does no damage.
The orc priest hits you from afar with a +0 trident.
The iguana bites you.
You shoot a sling bullet. The sling bullet hits the iguana.
The iguana is moderately wounded.
The orc priest barely misses you. The iguana bites you!
2338 ||| READING 3 scrolls of teleportation.
As you read the scroll of teleportation, it crumbles to dust.
You feel strangely unstable.
The orc priest hits you from afar with a +0 trident.
The iguana closely misses you.
You shoot a sling bullet.
The sling bullet closely misses the iguana.
The orc priest hits you from afar with a +0 trident.
The iguana bites you!
You die...

#.#....).......[.
#................
######..............
#(...).#####........
#:...).....#........
######.....#........
#.o#.......#########
..#.#'l#.#.#....#
.......@...#....#
...........+....#
...........######
.............
...............
................
................
...####+###.....


You could see an iguana and an orc priest.

Vanquished Creatures
  Grinder (D:3)
  3 hounds
  4 adders
  An ufetubus (D:4)
  2 worms (D:2)
  A dart slug (D:3)
  3 orcs
  An endoplasm (D:1)
  A giant cockroach (D:2)
  9 goblins
  3 hobgoblins
  5 jackals (D:2)
  3 quokkas
  4 ball pythons
  4 bats
  A kobold (D:3)
  6 rats
52 creatures vanquished.

Notes
Turn   | Place    | Note
-------+----------+-------------------------------------------
     0 | D:1      | qw the Gargoyle Hexslinger began the quest for the Orb.
     0 | D:1      | Reached XP level 1. HP: 12/12 MP: 2/2
     0 | D:1      | 0 ||| qw: Version: 0.3-a-46-gb1f654a
     0 | D:1      | 0 ||| qw: Game counter: 2352
     0 | D:1      | 0 ||| qw: Melee chars always use a shield: true
     0 | D:1      | 0 ||| qw: God list: Okawaru
     0 | D:1      | 0 ||| qw: Allow faded altars: false
     0 | D:1      | 0 ||| qw: Do Orc after clearing Dungeon:15 true
     0 | D:1      | 0 ||| qw: Do second Lair branch before Depths: true
     0 | D:1      | 0 ||| qw: Lair rune preference: random
     0 | D:1      | 0 ||| qw: Goals: Normal
     0 | D:1      | 0 ||| PLANNING D:1-11
   309 | D:1      | Reached XP level 2. HP: 13/16 MP: 3/3
   488 | D:1      | Found a faded altar of an unknown god.
   571 | D:1      | 571 ||| READING scroll labelled NOM CALIDI.
   572 | D:1      | 572 ||| READING scroll labelled VASAOL ZEDUMI.
   573 | D:1      | 573 ||| READING scroll labelled KAOZXACAWE.
   574 | D:1      | 574 ||| READING scroll labelled HAGAXKEOFA.
   575 | D:1      | 575 ||| DROPPING scroll of poison.
   613 | D:2      | Reached skill level 3 in Ranged Weapons
   643 | D:2      | Reached XP level 3. HP: 21/21 MP: 4/4
  1202 | D:2      | 1202 ||| UPGRADING to +2 leather armour of poison
                  | resistance.
  1212 | D:2      | 1212 ||| DROPPING +0 robe.
  1213 | D:2      | 1213 ||| DROPPING ring of wizardry.
  1214 | D:2      | 1214 ||| READING 2 scrolls labelled KOEPTOCATE.
  1219 | D:2      | 1219 ||| READING scroll labelled KATILUOPLU.
  1220 | D:2      | 1220 ||| READING scroll labelled OTAWOI YMOUSOE.
  1302 | D:3      | Found a transporter.
  1421 | D:3      | Reached skill level 4 in Ranged Weapons
  1421 | D:3      | Reached XP level 4. HP: 26/26 MP: 5/5
  1502 | D:3      | Found a transporter.
  1757 | D:3      | Noticed Grinder
  1760 | D:3      | 1760 ||| FLEEEEING.
  1760 | D:3      | Paralysed by Grinder for 4 turns
  1766 | D:3      | Paralysed by Grinder for 2 turns
  1776 | D:3      | HP: 5/26 [Grinder (7)]
  1777 | D:3      | 1777 ||| READING 2 scrolls of teleportation.
  1947 | D:3      | Killed Grinder
  1948 | D:3      | Reached skill level 6 in Ranged Weapons
  1948 | D:3      | Reached XP level 5. HP: 23/30 MP: 6/6
  1948 | D:3      | Reached XP level 6. HP: 27/35 MP: 7/7
  2205 | D:3      | 2205 ||| READING 3 scrolls labelled DIT ONNOFYMOAS.
  2206 | D:3      | 2206 ||| READING scroll labelled EPOANO ETUCUA.
  2207 | D:3      | 2207 ||| READING 2 scrolls of identify.
  2207 | D:3      | 2207 ||| IDENTIFYING bubbling grey potion
  2208 | D:3      | 2208 ||| DROPPING potion of degeneration.
  2221 | D:3      | Noticed qw's ghost (amateur MiHs)
  2299 | D:4      | Reached skill level 3 in Fighting
  2337 | D:4      | HP: 8/37 [iguana (11)]
  2338 | D:4      | 2338 ||| READING 3 scrolls of teleportation.
  2339 | D:4      | Slain by an iguana

Levels and vault maps discovered:
D:1:      zelgadis_glass_arrival_small, layout_loops_ring,
          ebering_ecumenical_altar_mist
D:2:      layout_loops_ring, minivault_5
D:3:      layout_loops_corners, gammafunk_ghost_gnarly_gnolls, minmay_quantized,
          uniq_grinder
D:4:      layout_gridville, minmay_mini_jars

Skill      XL: |  1  2  3  4  5  6 |
---------------+-------------------+-----
Ranged Weapons | 3 4 6 |  6.2
Fighting       | 2 3 |  3.3
Dodging        | |  1.5
Spellcasting   | |  1.0
Hexes          | |  2.6

Action                     |  1- 3 |  4- 6 || total
---------------------------+-------+-------++-------
   Fire: Sling             |    80 |    90 ||   170
    Use: Scroll            |     7 |     5 ||    12
 Armour: Robe              |    18 |       ||    18
         Leather armour    |       |    29 ||    29
  Dodge: Dodged            |    27 |    32 ||    59

Table legend:
 A = Non-vault XP
 B = Vault XP
 C = Vault XP percentage of total XP
 D = Non-vault monster count
 E = Vault monster count
 F = Vault count percentage of total count
                 A         B        C        D         E       F
            +---------+---------+-------+---------+---------+-------
      Total |     198 |     351 |  63.9 |      44 |       8 |  15.4
            +---------+---------+-------+---------+---------+-------
        D:1 |      18 |       0 |   0.0 |      10 |       0 |   0.0
        D:2 |      58 |       0 |   0.0 |      16 |       0 |   0.0
        D:3 |      76 |     296 |  79.6 |      15 |       4 |  21.1
        D:4 |      46 |      55 |  54.5 |       3 |       4 |  57.1
            +---------+---------+-------+---------+---------+-------
